matt, chaotic female elven Wizard ---------- ----- #.........| ----------- ---------- |...| #|........| |`.........###############|........| |`.D.####....<....| |.........| #.........| |...| #----%----- |.........| |........| |.D.| # |.........| |.......`| |.D.| # -+-------|- |........| ----- # # ----.----- # # ### # #### # # # # # # ### # ### # # -------.--- # -------+----##########`##### |.........| ### ..`^......^.# -+-.----|- |.........| ---.-- |..........| |........| |..<......| |>...+ ##...........| |........| ----------- |....| # ------------ |........| |.....##### ---------- ------ matt the Thaumaturge Experience level: 8 Strength: 18/** Dexterity: 13 Constitution: 16 Intelligence: 20 Wisdom: 8 Charisma: 9 Health: 0(131) Energy: 59(68) Def: 11 Gold: 3061 Moves: 7066 Dungeon seed: K40HXkscvRjOWE1S Game ID: matt_1488853148 Your Inventory: Coins $ - 3061 gold pieces Amulets i - a cursed amulet of reflection (being worn) Weapons a - a blessed +1 quarterstaff Armor q - an uncursed +0 pair of low boots r - an uncursed +0 orcish helm y - a blessed +2 elven mithril-coat Comestibles x - an uncursed cram ration A - an uncursed pancake B - 2 uncursed lichen corpses E - an uncursed tin of bat meat L - an uncursed slime mold P - an uncursed egg U - 6 uncursed food rations V - 2 uncursed fortune cookies W - 2 uncursed tripe rations Scrolls j - an uncursed scroll of confuse monster k - an uncursed scroll of remove curse C - an uncursed scroll of identify F - an uncursed scroll of amnesia G - a blessed scroll of destroy armor I - an uncursed scroll of punishment S - 3 uncursed scrolls of blank paper T - a cursed scroll of blank paper Spellbooks l - a blessed spellbook of force bolt m - an uncursed spellbook of remove curse N - an uncursed spellbook of slow monster R - an uncursed spellbook of create monster Potions f - an uncursed potion of oil g - an uncursed potion of water h - an uncursed potion of monster detection D - an uncursed potion of object detection Rings c - an uncursed ring of slow digestion (on left foreclaw) d - an uncursed ring of free action o - an uncursed ring of regeneration v - an uncursed ring of poison resistance J - an uncursed ring of sustain ability K - an uncursed ring of invisibility (on right foreclaw) O - an uncursed ring of invisibility Q - an uncursed ring of cold resistance Z - an uncursed ring of sustain ability Wands b - a wand of light (0:11) p - a wand of magic missile (0:5) u - a wand of striking (0:4) H - a wand of cold (0:6) M - a wand of undead turning (0:7) Tools n - an uncursed tooled horn s - an uncursed mirror z - an uncursed skeleton key X - 7 cursed tallow candles (0:200) Gems e - 2 uncursed jade stones w - 2 uncursed worthless pieces of yellow glass Y - an uncursed worthless piece of yellowish brown glass Spells and supernatural/magical abilities: Name Level Category Fail Memory a - force bolt 1 attack 0% 65% r - remove curse 3 clerical 63% 65% s - slow monster 2 enchantment 0% 78% O - create monster 2 clerical 29% 79% W - pray for help -- divine ? -- Z - breathe magic missiles -- ability ? -- Your skills at the end: Fighting Skills Weapon Skills quarterstaff [Basic] Spellcasting Skills attack spells [Basic] enchantment spells [Basic] Final Attributes: You were piously aligned. You were sleep resistant. You were magic-protected. You saw invisible. You were telepathic. You were invisible to others. You could fly. You had slower digestion. You were permanently polymorphed into a gray dragon. You could not change from your current form. You had reflection. You were unlucky. Anhur was angry with you. You are dead. Vanquished creatures: 4 baby gray dragons 2 giant mimics an iron piercer a dog a dingo a housecat a gnome mummy a wood nymph a water nymph a mountain nymph an orc shaman 2 ponies a shrieker 2 violet fungi a gnome lord a gnomish wizard a red naga hatchling a golden naga hatchling a paper golem a giant ant a little dog 2 floating eyes a kitten a homunculus a kobold shaman 4 rothes a giant bat a wererat a werejackal 2 iguanas 10 killer bees 3 acid blobs 4 coyotes a gas spore a hobbit 9 manes a large kobold a hobgoblin 3 giant rats 2 brown molds 3 yellow molds 4 green molds 2 red molds 3 gnome zombies 5 geckos 8 jackals 4 foxes 2 kobolds 4 goblins 7 sewer rats 11 grid bugs 6 bats 6 lichens 4 kobold zombies 8 newts 153 creatures vanquished. Voluntary challenges: You never hit with a wielded weapon. You read items or engraved 11 times, starting on turn 864. You never genocided any monsters. You never polymorphed an object. You never changed form. You used no wishes. You never split a pudding. You never wrote Elbereth's name. You never violated your personal moral code. Dungeon overview: The Dungeons of Doom: levels 1 to 8 Level 1 a long staircase Level 2 Level 3 a fountain Level 4 a fountain Level 5 a fountain Level 6 Level 7 many fountains Level 8 <- You were here stairs to Sokoban Sokoban: levels 4 to 7 Level 4 Level 5 Level 6 Level 7 stairs to The Dungeons of Doom History has recorded: On T:1 you entered the Dungeons of Doom to retrieve the Amulet of Yendor! On T:511 you reached level 2 of The Dungeons of Doom. On T:745 you advanced to experience level 2. On T:873 you reached level 3 of The Dungeons of Doom. On T:953 you reached level 4 of The Dungeons of Doom. On T:1155 you reached level 5 of The Dungeons of Doom. On T:1752 you reached level 6 of The Dungeons of Doom. On T:1984 you reached level 7 of The Dungeons of Doom. On T:2208 you advanced to experience level 3. On T:2548 you advanced to experience level 4. On T:2771 you reached level 8 of The Dungeons of Doom. On T:2999 you advanced to experience level 5. On T:3039 you reached level 4 of Sokoban. On T:3655 you reached level 3 of Sokoban. On T:4757 you advanced to experience level 6. On T:4787 you reached level 2 of Sokoban. On T:5511 you reached level 1 of Sokoban. On T:5753 you advanced to experience level 7. On T:7031 you advanced to experience level 8. Score breakdown: Gold: 3061 (11858 points) Experience: 8 levels (14739 points) Exploration: 8 levels ( 15.38%) (11114 points) Discoveries: 8 items ( 2.89%) ( 5098 points) Valuables value: (no points given unless you survive) Artifact value: 0 ( 0 points) Variety of kills: 55 monsters ( 14.44%) (11398 points) Turncount: 7066 turns (-1865 points) Survival: died (score multiplied by 80%) Total score: 41873 Latest messages: There is a doorway here. You see here a baby gray dragon corpse. The baby gray dragon bites! You bite the baby gray dragon. You hit the baby gray dragon. (2x) The baby gray dragon bites! (2x) You are now wearing a ring of invisibility. Gee! All of a sudden, you can see right through yourself. The baby gray dragon bumps right into you! (2x) The baby gray dragon bites! (4x) The baby gray dragon misses. The baby gray dragon bumps right into you! The baby gray dragon bites! You begin praying to Anhur. The baby gray dragon bites! (2x) Final status: Goodbye matt the Wizard, killed by a baby gray dragon, while praying, while stuck in monster form... You died in The Dungeons of Doom on dungeon level 8 with 41873 points, and 3061 pieces of gold, after 7066 moves. You were level 8 with a maximum of 52 hit points when you died.